 Dungeon Crawl Stone Soup version 0.31-a0-182-gc5ef74bbde (webtiles) character file.

Game seed: 6408427520860333899

131 qw the Chopper (level 5, 0/32 HPs)
             Began as a Gargoyle Fighter on June 20, 2023.
             Slain by a gnoll
             ... wielding a +0 halberd of venom
              (4 damage)
             ... on level 2 of the Dungeon.
             The game lasted 00:00:44 (1261 turns).

qw the Chopper (Gargoyle Fighter)                   Turns: 1261, Time: 00:00:44

Health: 0/32       AC: 10    Str: 22    XL:     5   Next: 14%
Magic:  5/5        EV:  9    Int:  8    God:
Gold:   43         SH:  4    Dex:  9    Spells: 4/4 levels left

rFire   . . .        Y - +0 war axe
rCold   . . .        c - +0 buckler
rNeg    + . .        b - +0 scale mail
rPois   inf          (no helmet)
rElec   +            (no cloak)
rCorr   .            (no gloves)
SInv    .            (no boots)
Will    .....        (no amulet) Stlth
                     (no ring)
HPRegen 0.25/turn    (no ring)
MPRegen 0.09/turn

%: no passive effects
@: no status effects
A: sickness immunity, AC +4, negative energy resistance 1, electricity
resistance, torment resistance 1, petrification resistance
a: no special abilities


You were on level 2 of the Dungeon.
You visited 1 branch of the dungeon, and saw 2 of its levels.

You collected 79 gold pieces.
You spent 36 gold pieces at shops.


Innate Abilities, Weirdness & Mutations

You are immune to sickness and miasma.
Your stone body is resilient. (AC +4)
You are immune to poison.
You resist negative energy. (rN+)
You are resistant to electric shocks. (rElec)
You are resistant to unholy torment.
You are immune to petrification.


   Skills:
 - Level 3.2 Fighting
 + Level 4.7 Axes
 - Level 3.2 Armour
 - Level 3.2 Shields


You had 4 spell levels left.
You didn't know any spells.
Your spell library was empty.

Inventory:

Hand Weapons
 f - a +0 flail
 Y - a +0 war axe (weapon)
Missiles
 g - 5 boomerangs (quivered)
Armour
 b - a +0 scale mail (worn)
 c - a +0 buckler (worn)
 m - a +0 pair of boots
Scrolls
 a - a scroll of enchant weapon {unknown}
 i - a scroll of brand weapon {unknown}
 j - a scroll of identify {unknown}
 k - a scroll of fear {unknown}
 l - a scroll of amnesia {unknown}
Potions
 d - a potion of might
 e - 2 potions of heal wounds {unknown}
 h - 2 potions of attraction

Dungeon Overview and Level Annotations

Branches:
Dungeon (2/15)

Altars:

Shops:
D:1 !


Message History

You closely miss the orc wizard.
The orc wizard is heavily wounded.
You barely miss the orc wizard.
The orc wizard hits you but does no damage. x2
You closely miss the orc wizard.
The orc wizard is heavily wounded.
You hit the orc wizard but do no damage.
The orc wizard closely misses you. You block the orc wizard's attack.
The orc wizard hits you but does no damage.
The orc wizard gestures at you while chanting.
You are confused.
The orc wizard completely misses you. The orc wizard barely misses you.
The orc wizard hits you but does no damage.
The orc wizard barely misses you.
The orc wizard hits you but does no damage. x2
The orc wizard hits you with a +0 dagger.
The orc wizard closely misses you.
The orc wizard hits you but does no damage.
The orc wizard hits you with a +0 dagger.
The orc wizard hits you but does no damage.
The orc wizard closely misses you.
You feel less confused.
The gnoll hits you from afar with a +0 halberd of venom.
The orc wizard hits you with a +0 dagger.
The orc wizard misses you.
You barely miss the orc wizard.
The orc wizard is heavily wounded.
You hit the orc wizard. The gnoll barely misses you.
You block the orc wizard's attack. The orc wizard closely misses you.
You closely miss the orc wizard.
The orc wizard is heavily wounded.
You barely miss the orc wizard.
The orc wizard hits you but does no damage. x2
The gnoll hits you from afar with a +0 halberd of venom.
You slash the orc wizard!
You kill the orc wizard!
You closely miss the orc wizard.
The gnoll hits you from afar with a +0 halberd of venom.
You die...

##.#)...#
#..
#.#....#
#..
#.#....#
#..
#.#....#
#..
#.#....#
#..
#....#
#..
#....#
#..
#.####
#.. #@#
###
.....goo#
.(....g##
#######


You could see an orc wizard, 2 gnolls and an orc.

Vanquished Creatures
  An orc priest (D:2)
  Jessica (D:2)
  An orc wizard (D:2)
  2 gnolls
  An adder (D:2)
  A dart slug (D:1)
  10 ball pythons
  4 bats
  3 endoplasms (D:1)
  A giant cockroach (D:1)
  4 hobgoblins
  2 jackals (D:2)
  3 quokkas
  4 frilled lizards
  5 goblins
  A kobold (D:1)
  2 rats
46 creatures vanquished.

Notes
Turn   | Place    | Note
-------+----------+-------------------------------------------
     0 | D:1      | qw the Gargoyle Fighter began the quest for the Orb.
     0 | D:1      | Reached XP level 1. HP: 14/14 MP: 1/1
     0 | D:1      | 0 ||| qw: Version: 0.3-a-9-g12657ce
     0 | D:1      | 0 ||| qw: Game counter: 1271
     0 | D:1      | 0 ||| qw: Always use a shield: true
     0 | D:1      | 0 ||| qw: God list: Okawaru
     0 | D:1      | 0 ||| qw: Allow faded altars: false
     0 | D:1      | 0 ||| qw: Do Orc after D:15 true
     0 | D:1      | 0 ||| qw: Do second Lair branch before Depths: true
     0 | D:1      | 0 ||| qw: Lair rune preference: random
     0 | D:1      | 0 ||| qw: Plans: Normal, Zot:1-4, Slime:5, God:TSO, Crypt,
                  | Tomb, Abyss, Pan, Hells, Win
     0 | D:1      | 0 ||| PLANNING D:1-11
    24 | D:1      | Reached skill level 2 in Axes
    52 | D:1      | Reached XP level 2. HP: 9/19 MP: 2/2
   148 | D:1      | 148 ||| DROPPING +0 club.
   175 | D:1      | 175 ||| Stepping ~*~*~tactically~*~*~ (stealth).
   180 | D:1      | Reached skill level 3 in Axes
   221 | D:1      | Reached XP level 3. HP: 21/23 MP: 3/3
   260 | D:1      | 260 ||| Stepping ~*~*~tactically~*~*~ (stealth).
   429 | D:1      | Found Feckeopu's Distillery.
   434 | D:1      | 434 ||| BUYING potion of attraction (36 gold).
   434 | D:1      | Bought a potion of attraction for 36 gold pieces
   434 | D:1      | 434 ||| SHOPLISTING potion of cancellation (96 gold, have
                  | 2).
   434 | D:1      | 434 ||| SHOPLISTING potion of curing (36 gold, have 2).
   434 | D:1      | 434 ||| SHOPLISTING potion of enlightenment (60 gold, have
                  | 2).
   434 | D:1      | 434 ||| SHOPLISTING potion of haste (120 gold, have 2).
   434 | D:1      | 434 ||| SHOPLISTING potion of magic (96 gold, have 2).
   434 | D:1      | 434 ||| SHOPLISTING potion of mutation (96 gold, have 2).
   745 | D:1      | 745 ||| READING scroll labelled OTACUY XUFUTS.
   773 | D:2      | Noticed Jessica
   775 | D:2      | Killed Jessica
   776 | D:2      | Reached XP level 4. HP: 28/28 MP: 4/4
   855 | D:2      | Reached skill level 4 in Axes
   871 | D:2      | 871 ||| Stepping ~*~*~tactically~*~*~ (stealth).
  1240 | D:2      | Reached XP level 5. HP: 32/32 MP: 5/5
  1240 | D:2      | 1240 ||| Stepping ~*~*~tactically~*~*~ (hiding).
  1258 | D:2      | HP: 7/32 [orc wizard/+0 dagger (2)]
  1261 | D:2      | Slain by a gnoll

Levels and vault maps discovered:
D:1:      minmay_arrival_glassed_features, layout_basic, serial_forest,
          infiniplex_forest_clump_diagonal, infiniplex_forest_corner_2,
          infiniplex_forest_lined_1, infiniplex_forest_zigzag_2,
          infiniplex_forest_zigzag_1, infiniplex_forest_clump_small,
          infiniplex_forest_straight_2, serial_shops, shop, st_stairs_6
D:2:      cheibrodos_pilgrimage, layout_basic, uniq_jessica

Skill      XL: |  1  2  3  4 |
---------------+-------------+-----
Axes           | 2 3 4 |  4.7
Fighting       | |  3.2
Armour         | |  3.2
Shields        | |  3.2

Action                     |  1- 3 |  4- 6 || total
---------------------------+-------+-------++-------
  Melee: War axe           |    52 |    60 ||   112
  Throw: Boomerang         |    30 |    33 ||    63
    Use: Scroll            |     1 |       ||     1
 Armour: Scale mail        |    26 |    38 ||    64
  Dodge: Dodged            |    31 |    33 ||    64
  Block: Buckler           |    20 |     8 ||    28

Table legend:
 A = Non-vault XP
 B = Vault XP
 C = Vault XP percentage of total XP
 D = Non-vault monster count
 E = Vault monster count
 F = Vault count percentage of total count
                 A         B        C        D         E       F
            +---------+---------+-------+---------+---------+-------
      Total |     108 |     115 |  51.6 |      42 |       4 |   8.7
            +---------+---------+-------+---------+---------+-------
        D:1 |      52 |       2 |   3.7 |      23 |       1 |   4.2
        D:2 |      56 |     113 |  66.9 |      19 |       3 |  13.6
            +---------+---------+-------+---------+---------+-------
